 Dungeon Crawl Stone Soup version 0.20.1-1-g8b1a95d (webtiles) character file.

49 Fandomethor the Insei (level 3, 0/26 HPs)
             Began as a Merfolk Transmuter on Sept 30, 2017.
             Slain by an adder (2 damage)
             ... on level 2 of the Dungeon.
             The game lasted 00:03:42 (895 turns).

Fandomethor the Insei (Merfolk Transmuter)           Turns: 895, Time: 00:03:45

Health: 0/26       AC:  2    Str: 15    XL:     3   Next: 75%
Magic:  6/6        EV: 13    Int: 13    God:
Gold:   51         SH:  0    Dex: 14    Spells: 5/6 levels left

rFire    + . .     SeeInvis .   i - +0 spear
rCold    + . .     Gourm    .   (no shield)
rNeg     . . .     Faith    .   b - +0 robe
rPois    +         Spirit   .   (no helmet)
rElec    +         Reflect  .   (no cloak)
rCorr    +         Harm     .   (no gloves)
MR       .....                  (no boots)
Stlth    +.........             (no amulet)
Regen    0.1/turn               (no ring)
MPRegen  0.1/turn               (no ring)

@: mighty, lethally poisoned (0 -> -13), resistant
A: change form in water, swift swim, stealthy swim
a: no special abilities


You were on level 2 of the Dungeon.
You were not hungry.

You visited 1 branch of the dungeon, and saw 2 of its levels.

You collected 51 gold pieces.

Inventory:

Hand Weapons
 i - a +0 spear (weapon)
Missiles
 a - 55 arrows
Armour
 b - a +0 robe (worn)
Jewellery
 o - an uncursed ring of poison resistance {unknown}
Wands
 s - a wand of flame (36/48)
Scrolls
 f - 2 scrolls of identify {unknown}
 h - a scroll of teleportation {unknown}
 l - a scroll of remove curse {unknown}
 m - a scroll of fear {unknown}
 q - a scroll of amnesia {unknown}
Potions
 e - a potion of curing {unknown}
 j - a potion of resistance
 n - a potion of might
 p - a potion of mutation {unknown}
 r - a potion of flight {unknown}
Books
 c - a book of Changes

   Spells                             Type                      Level
   a - Beastly Appendage              Transmutation                1
   b - Sticks to Snakes               Transmutation                2
   c - Spider Form                    Transmutation/Poison         3
   d - Ice Form                       Ice/Transmutation            4
   e - Blade Hands                    Transmutation                5
Comestibles
 d - a bread ration
 g - a royal jelly
 k - 2 fruits


   Skills:
 - Level 1.1 Fighting
 + Level 1.7 Polearms
 - Level 2.6 Dodging
 + Level 4.2 Unarmed Combat
 + Level 2.2 Spellcasting
 + Level 3.3 Transmutations


You had 5 spell levels left.
You knew the following spells:

 Your Spells              Type           Power        Failure   Level  Hunger
a - Beastly Appendage     Tmut           ##....       6%          1    ##.....


Dungeon Overview and Level Annotations

Branches:
Dungeon (2/15)

Altars:


Message History

The adder bites you but does no damage.
You hit the adder.
The adder is heavily wounded.
The jackal misses you. The jackal bites you. The adder bites you.
You are lethally poisoned!
The adder poisons you! The jackal misses you. x2
You feel sick. The jackal completely misses you. The adder bites you.
* * * LOW HITPOINT WARNING * * *
It was a potion of resistance.
You feel protected.
* * * LOW HITPOINT WARNING * * *
You feel sick. The jackal closely misses you. The adder bites you.
* * * LOW HITPOINT WARNING * * *
It was a potion of might.
You feel very mighty all of a sudden.
* * * LOW HITPOINT WARNING * * *
You feel sick.
The jackal bites you but does no damage.
The adder bites you.
You die...

####..####
.....# .....##
#.##..
####.##### .# #
#.....##### #...
#####....)#####
... ..
#####.....# ..
#######.##.###.
#..............
...#####@##.#.##
#....Sh# #
........hl..#
............#
.....?.........
....)?......#.#
........(.....#
...............
$........#....#


You could see an adder, 2 jackals and a frilled lizard.

Vanquished Creatures
  7 dart slugs (D:1)
  A leopard gecko (D:1)
  A giant cockroach (D:1)
  6 goblins (D:1)
  5 hobgoblins
  2 jackals (D:1)
  2 bats (D:1)
  A frilled lizard (D:1)
  2 kobolds (D:1)
  4 rats (D:1)
31 creatures vanquished.

Notes
Turn   | Place    | Note
-------+----------+-------------------------------------------
     0 | D:1      | Fandomethor the Merfolk Transmuter began the quest for the Orb.
     0 | D:1      | Reached XP level 1. HP: 15/15 MP: 3/3
    60 | D:1      | Reached XP level 2. HP: 8/21 MP: 3/5
   294 | D:1      | Reached skill level 4 in Unarmed Combat
   498 | D:1      | Reached XP level 3. HP: 17/26 MP: 4/6
   589 | D:1      | Reached skill level 1 in Polearms
   895 | D:2      | Slain by an adder

Skill      XL: |  1  2  3 |
---------------+----------+-----
Transmutations | 3 |  3.3
Unarmed Combat | 4 |  4.2
Polearms       | 1 |  1.7
Fighting       | |  1.1
Dodging        | |  2.6
Spellcasting   | |  2.2

Action                   || total
-------------------------++-------
Melee: Unarmed           ||    32
       Spear             ||    88
       Headbutt          ||     4
       Punch             ||     1
 Cast: Beastly Appendage ||     6
  Use: Potion            ||     2
 Stab: Sleeping          ||     2
Armor: Robe              ||    22
Dodge: Dodged            ||    71
Block: Buckler           ||     1
